 Dungeon Crawl Stone Soup version 0.29-a0-234-g0dae59b3db (webtiles) character file.

Game seed: 3011721747639792153

885 HotDog the Covered (level 7, -1/61 HPs)
             Began as a Minotaur Fighter on Mar 2, 2022.
             Was an Initiate of Yredelemnul.
             Slain by a two-headed ogre
             ... wielding a +0 giant club
              (12 damage)
             ... on level 8 of the Dungeon.
             The game lasted 00:07:16 (6692 turns).

HotDog the Covered (Minotaur Fighter)               Turns: 6692, Time: 00:07:16

Health: -1/61      AC: 11    Str: 23    XL:     7   Next: 76%
Magic:  7/7        EV: 11    Int:  5    God:    Yredelemnul [......]
Gold:   269        SH:  5    Dex: 15    Spells: 6/6 levels left

rFire   . . .      SeeInvis .   s - +0 trident
rCold   . . .      Faith    .   c - +0 buckler
rNeg    . . .      Spirit   .   b - +0 scale mail
rPois   .          Reflect  .   (helmet restricted)
rElec   .          Harm     .   (no cloak)
rCorr   .          Rampage  .   (no gloves)
Will    .....                   (no boots)
Stlth   ..........              (no amulet)
HPRegen 0.20/turn               i - +4 ring of protection
MPRegen 0.10/turn               q - +6 ring of dexterity

@: mighty
A: horns 2, retaliatory headbutt
a: Renounce Religion, Recall Undead Harvest


You were on level 8 of the Dungeon.
You worshipped Yredelemnul.
Yredelemnul was noncommittal.
You visited 1 branch of the dungeon, and saw 8 of its levels.

You collected 269 gold pieces.

Inventory:

Hand Weapons
 s - a +0 trident (weapon)
Armour
 b - a +0 scale mail (worn)
 c - a +0 buckler (worn)
Jewellery
 i - a +4 ring of protection (left hand)
 m - a ring of resist corrosion
 o - a ring of protection from cold
 q - a +6 ring of dexterity (right hand)
Wands
 h - a wand of paralysis (20)
 v - a wand of iceblast (4)
Scrolls
 a - 2 scrolls of immolation {unknown}
 j - a scroll of silence {unknown}
 l - 3 scrolls of teleportation
 p - a scroll of enchant armour
 t - a scroll of identify
 u - a scroll of torment {unknown}
Potions
 e - a potion of brilliance {unknown}
 f - a potion of curing {unknown}
 g - a potion of lignification {unknown}
 k - 3 potions of haste
 n - a potion of cancellation {unknown}
 r - 2 potions of invisibility {unknown}
 w - a potion of resistance {unknown}


   Skills:
 * Level 5.1 Fighting
 - Level 3.0 Long Blades
 * Level 5.5 Polearms
 * Level 6.7 Armour
 * Level 2.8 Dodging
 + Level 4.3 Shields
 * Level 2.6 Invocations


You had 6 spell levels left.
You didn't know any spells.
Your spell library contained the following spells:

 Spells                   Type           Power      Damage    Failure   Level
 Sublimation of Blood     Necr           0%         N/A       94%         2
 Wereblood                Tmut           0%         N/A       94%         2
 Ignite Poison            Fire/Tmut/Pois 0%         N/A       99%         3
 Mephitic Cloud           Conj/Pois/Air  0%         N/A       99%         3
 Freezing Cloud           Conj/Ice/Air   0%         6-21      100%        5
 Summon Hydra             Summ           0%         N/A       100%        7


Dungeon Overview and Level Annotations

Branches:
Dungeon (8/15)             Temple (0/1) D:4
   Lair: D:8-11

Altars:
Yredelemnul

Shops:
D:5 !

Annotations:
D:2 1 runed translucent door, Crazy Yiuf


Innate Abilities, Weirdness & Mutations

You have a pair of horns on your head.
You reflexively headbutt those who attack you in melee.


Message History

There are monsters nearby!
There are monsters nearby!
The orc priest shouts!
The orc priest looks satisfied for a moment.
The orc warrior throws a silver boomerang.
The silver boomerang hits you.
There is an open door here.
The two-headed ogre closely misses you. You furiously retaliate!
You headbutt the two-headed ogre!
The two-headed ogre hits you with a +0 giant club.
You hit the two-headed ogre. You headbutt the two-headed ogre.
The two-headed ogre is moderately wounded.
The two-headed ogre misses you. The two-headed ogre barely misses you.
You hit the two-headed ogre but do no damage.
Your headbutt misses the two-headed ogre.
The two-headed ogre is moderately wounded.
The two-headed ogre hits you with a +0 giant club!
You block the two-headed ogre's attack.
You puncture the two-headed ogre! You headbutt the two-headed ogre.
The two-headed ogre is heavily wounded.
You barely miss the two-headed ogre.
The two-headed ogre is heavily wounded.
The two-headed ogre closely misses you. You furiously retaliate!
You headbutt the two-headed ogre.
The two-headed ogre hits you with a +0 giant club!
You hit the two-headed ogre.
The two-headed ogre is heavily wounded.
The two-headed ogre barely misses you. You furiously retaliate!
You headbutt the two-headed ogre!
The two-headed ogre hits you but does no damage.
You hit the two-headed ogre but do no damage.
The two-headed ogre is severely wounded.
The two-headed ogre hits you with a +0 giant club!!
* * * LOW HITPOINT WARNING * * *
You block the two-headed ogre's attack.
Okay, then.
You feel very mighty all of a sudden.
The two-headed ogre hits you with a +0 giant club!
You die...
Your body rises from the dead as a mindless zombie.

###### #.O@<# #.####
###.#########
#...#.......#
#.###.#####.# ########
#.....# #.# .......#
###########.# .......#
#...........#
.......#####'###########


You could see a two-headed ogre.

Vanquished Creatures
  An ice beast (D:6)
  A centaur (D:5)
  A phantom (D:5)
  3 scorpions
  A necrophage (D:4)
  2 hounds
  An orc priest (D:5)
  A jelly (D:6)
  Ijyb (D:3)
  3 orc wizards
  3 adders
  A shadow imp (D:5)
  A white imp (D:6)
  An ufetubus (D:5)
  A worm (D:3)
  A dart slug (D:1)
  15 orcs
  7 ball pythons
  7 bats
  7 endoplasms
  2 giant cockroaches
  2 goblins
  6 hobgoblins
  4 quokkas
  2 frilled lizards (D:2)
  5 kobolds
  3 rats
83 creatures vanquished.

Vanquished Creatures (collateral kills)
  A scorpion (D:5)
  An adder (D:5)
  A bat (D:3)
3 creatures vanquished.

Vanquished Creatures (others)
  A bat zombie (D:3)
  A ball python zombie (D:3)
  An orc zombie (D:6)
  A spectral endoplasm (D:3)
  A plant (D:2)
5 creatures vanquished.

Grand Total: 91 creatures vanquished

Notes
Turn   | Place    | Note
-------+----------+-------------------------------------------
     0 | D:1      | HotDog the Minotaur Fighter began the quest for the Orb.
     0 | D:1      | Reached XP level 1. HP: 19/19 MP: 0/0
   350 | D:1      | Reached XP level 2. HP: 22/27 MP: 1/1
   578 | D:1      | Reached skill level 4 in Armour
   989 | D:2      | Reached XP level 3. HP: 33/33 MP: 2/2
  1734 | D:2      | Found a runed translucent door.
  1735 | D:2      | Noticed Crazy Yiuf
  1942 | D:3      | Found a basalt altar of Yredelemnul.
  1969 | D:3      | Became a worshipper of Yredelemnul the Dark
  2373 | D:3      | Reached * piety under Yredelemnul
  2566 | D:3      | Found a faded altar of an unknown god.
  2578 | D:3      | Reached skill level 1 in Invocations
  3006 | D:3      | Noticed Ijyb
  3017 | D:3      | Killed Ijyb
  3018 | D:3      | Reached skill level 1 in Dodging
  3018 | D:3      | Reached XP level 4. HP: 40/40 MP: 3/3
  3028 | D:3      | Reached skill level 1 in Polearms
  3459 | D:4      | Found a staircase to the Ecumenical Temple.
  3491 | D:4      | Noticed a necrophage
  3497 | D:4      | Killed a necrophage
  3498 | D:4      | Reached skill level 5 in Armour
  3498 | D:4      | Reached XP level 5. HP: 43/46 MP: 3/5
  3657 | D:5      | Entered Level 5 of the Dungeon
  3723 | D:5      | Noticed a centaur
  3750 | D:5      | Killed a centaur
  4135 | D:5      | Noticed a phantom
  4140 | D:5      | Killed a phantom
  4141 | D:5      | Reached XP level 6. HP: 53/53 MP: 6/6
  4168 | D:5      | Identified the +1 flail "Risk" {protect, Drain +Blink
                  | Will+++ Str+4}
  4225 | D:5      | Found Nyiryno's Distillery.
  4237 | D:5      | Reached ** piety under Yredelemnul
  4238 | D:5      | Reached skill level 6 in Armour
  4770 | D:5      | Reached XP level 7. HP: 59/60 MP: 7/7
  4816 | D:5      | Reached *** piety under Yredelemnul
  5505 | D:6      | Reached skill level 5 in Fighting
  5511 | D:6      | Reached skill level 5 in Polearms
  6631 | D:8      | Noticed a two-headed ogre
  6692 | D:8      | Slain by a two-headed ogre

Illustrated notes

Levels and vault maps discovered:
D:1:      onia_arrival_mini_spirals, layout_basic
D:2:      cheibrodos_old_hovel, layout_basic, corexii_leaking_fountain,
          chequers_serial_rivers_marsh, nrook_mini_backslash,
          serial_bayou_lagoon_a, minmay_pentomino_r2, uniq_crazy_yiuf_cottage
D:3:      layout_basic, lemuel_doored_altar, serial_co_window_serial,
          co_window_paths_a, co_window_paths_b, co_window_paths_b,
          co_window_corner_a, co_window_of_opportunity_a, co_window_paths_a,
          co_window_corner_a, co_window_2corner, co_window_corner_ca,
          co_window_corner_cb, co_window_cross_4, co_window_corner_b,
          co_window_2corner, co_window_paths_d, glass_columns_c,
          glass_columns_b, glass_columns_a, glass_columns_b,
          ebering_ecumenical_altar_hall, uniq_ijyb
D:4:      layout_basic, minmay_temple_entry_large_hall, uniq_pargi
D:5:      layout_loops_corners, serial_shops, nicolae_shop_trees
D:6:      layout_loops_ring
D:7:      layout_layer_cave, uniq_maggie, uniq_pikel
D:8:      layout_basic, serial_shops, nicolae_take_the_stairs

Skill      XL: |  1  2  3  4  5  6  7 |
---------------+----------------------+-----
Armour         | 4 5 6 |  6.7
Fighting       | 4 5 |  5.1
Shields        | 4 |  4.3
Long Blades    | 3 |  3.0
Invocations    | 1 2 |  2.6
Dodging        | 1 2 |  2.8
Polearms       | 1 2 4 5 |  5.5

Action                   |  1- 3 |  4- 6 |  7- 9 || total
-------------------------+-------+-------+-------++-------
Melee: Long sword        |    82 |       |       ||    82
       Headbutt          |    13 |     8 |    18 ||    39
       Trident           |    20 |    66 |    73 ||   159
  Use: Scroll            |     4 |     1 |       ||     5
       Potion            |     1 |       |     1 ||     2
 Stab: Distracted        |     1 |       |       ||     1
Armor: Scale mail        |    40 |    24 |    34 ||    98
Dodge: Dodged            |    41 |    31 |    28 ||   100
Block: Buckler           |    18 |    15 |     9 ||    42

Table legend: (Time is in decaauts)
 A = Elapsed time spent in this place.
 B = Non-inter-level travel time spent in this place.
 C = Inter-level travel time spent in this place.
 D = Time resting spent in this place.
 E = Time spent auto-exploring this place.
 F = Levels seen in this place.
 G = Mean time per level.
                   A        B        C        D        E       F      G
               +--------+--------+--------+--------+--------+-----+--------+
         Total |   6741 |   6292 |    449 |   1016 |   4552 |   8 |  842.6 |
       Dungeon |   6741 |   6292 |    449 |   1016 |   4552 |   8 |  842.6 |
               +--------+--------+--------+--------+--------+-----+--------+

Top non-repeatable levels by time:
     D:5: 1603 daAuts
     D:2: 1365 daAuts
     D:3: 1148 daAuts
     D:6: 959 daAuts
     D:1: 846 daAuts
     D:8: 419 daAuts
     D:4: 331 daAuts
     D:7: 68 daAuts
